 Dungeon Crawl Stone Soup version 0.29-a0-994-gc5c9f59d18 (webtiles) character file.

Game seed: 14474284193241561651

200 Ajdolov the Chopper (level 5, 0/45 HPs)
             Began as a Ghoul Cinder Acolyte on Aug 3, 2022.
             Was a High Priest of Ignis.
             Frozen to death by an endoplasm (2 damage)
             ... on level 2 of the Dungeon.
             The game lasted 00:04:25 (4230 turns).

Ajdolov the Chopper (Ghoul Cinder Acolyte)          Turns: 4230, Time: 00:04:26

Health: 0/45       AC: -5    Str: 20    XL:     5   Next: 79%
Magic:  5/5        EV: 11    Int:  9    God:    Ignis [*****.]
Gold:   92         SH:  0    Dex:  4    Spells: 6/6 levels left

rFire   + . .      SeeInvis .   a - -1 hand axe (flame)
rCold   + . .      Faith    .   (no shield)
rNeg    + + +      Spirit   .   b - +0 robe
rPois   ∞          Reflect  .   l - +0 helmet
rElec   .          Harm     .   (no cloak)
rCorr   .          Rampage  .   (no gloves)
Will    .....                   (no boots)
Stlth   +.........              (no amulet)
HPRegen 0.00/turn               (no ring)
MPRegen 0.09/turn               (no ring)

@: corroded, inhibited regen
A: claws 1, cold resistance 1, negative energy resistance 3, inhibited
regeneration, torment resistance 2, devour on kill
a: Renounce Religion, Fiery Armour, Foxfire Swarm, Rising Flame


You were on level 2 of the Dungeon.
You worshipped Ignis.
Ignis was extremely pleased with you.
You visited 1 branch of the dungeon, and saw 2 of its levels.

You collected 92 gold pieces.

Inventory:

Hand Weapons
 a - a -1 hand axe of flaming (weapon)
Armour
 b - a +0 robe (worn)
 l - a +0 helmet (worn)
Jewellery
 e - a ring of willpower
Scrolls
 d - a scroll of identify {unknown}
 f - a scroll of teleportation {unknown}
 g - a scroll of magic mapping {unknown}
 h - a scroll of vulnerability {unknown}
 k - a scroll of enchant armour {unknown}
 m - a scroll of butterflies {unknown}
Potions
 c - a potion of magic {unknown}
 i - a potion of heal wounds {unknown}
 j - a potion of flight {unknown}
 n - a potion of curing {unknown}


   Skills:
 - Level 3.2 Fighting
 * Level 5.7 Axes
 - Level 1.0 Spellcasting
 - Level 2.4 Fire Magic


You had 6 spell levels left.
You didn't know any spells.
Your spell library contained the following spells:

 Spells                   Type           Power      Damage    Failure   Level
 Scorch                   Fire           8%         2d5       22%         2


Dungeon Overview and Level Annotations

Branches:
Dungeon (2/15)

Altars:

Shops:
D:1 (([(*   D:2 ?


Innate Abilities, Weirdness & Mutations

You are immune to poison.
You have sharp fingernails.
Your flesh is cold resistant. (rC+)
You are immune to negative energy. (rN+++)
You do not regenerate when monsters are visible.
You are immune to unholy pain and torment.
You thrive by killing the living.


Message History

You kill the jelly!
You hit the endoplasm. You burn the endoplasm.
The endoplasm is heavily wounded.
The endoplasm barely misses you.
You hit the endoplasm but do no damage.
The endoplasm is heavily wounded.
The endoplasm freezes you.
You are frozen.
You resist.
* * * LOW HITPOINT WARNING * * *
The endoplasm freezes you.
You are frozen.
You resist.
* * * LOW HITPOINT WARNING * * *
You hit the endoplasm but do no damage.
The endoplasm is heavily wounded.
The endoplasm barely misses you.
You hit the endoplasm but do no damage.
The endoplasm is heavily wounded.
The endoplasm closely misses you.
You hit the endoplasm. You burn the endoplasm.
You kill the endoplasm!
You feel better.
You hit the endoplasm but do no damage. The endoplasm closely misses you.
You barely miss the endoplasm. The endoplasm hits you.
* * * LOW HITPOINT WARNING * * *
You hit the endoplasm but do no damage. The endoplasm barely misses you.
You hit the endoplasm. You burn the endoplasm.
The endoplasm is moderately wounded.
The endoplasm freezes you.
You are frozen.
You resist.
* * * LOW HITPOINT WARNING * * *
You hit the endoplasm but do no damage.
The endoplasm is moderately wounded.
The endoplasm freezes you.
You are frozen.
You resist.
* * * LOW HITPOINT WARNING * * *
You hit the endoplasm but do no damage.
The endoplasm is moderately wounded.
The endoplasm freezes you.
You are frozen.
You resist.
You die...

...#........# ###.####.#
...###.####.# ......)†.# ...# #.#
### ###.####.# ..## #.########
#.## ...###.##......##########
#..###
.....#.##.PJP..J##......####..†..
.....#>##..J...#J#.......##......
..<..#.##.÷P...#J#.......)'..#...
.......##..J÷..#@#......)))..####
.......##.PJ.JP#)#'#[.....'.##
..##)..##.÷.÷.÷#.#.#.....##.#
.###[..##÷PJPJ.#.#.#....###.#
.####..##[.....##.####### #.#
..###).# ### #.# ..#...#####
###### #.# ......###.####.<).##
#.# ....#.......##)....# #.#


You could see 3 endoplasms.

Vanquished Creatures
  3 jellies (D:2)
  Robin (D:2)
  3 worms (D:2)
  5 dart slugs (D:1)
  10 ball pythons
  9 endoplasms
  2 giant cockroaches
  11 goblins
  11 hobgoblins
  2 jackals
  2 quokkas (D:2)
  A bat (D:2)
  2 frilled lizards (D:2)
  11 kobolds
  3 rats
76 creatures vanquished.

Vanquished Creatures (others)
  A fungus (D:2)
  9 toadstools (D:2)
10 creatures vanquished.

Grand Total: 86 creatures vanquished

Notes
Turn   | Place    | Note
-------+----------+-------------------------------------------
     0 | D:1      | Ajdolov the Ghoul Cinder Acolyte began the quest for the
                  | Orb.
     0 | D:1      | Reached XP level 1. HP: 19/19 MP: 1/1
   110 | D:1      | Found Dovag's Weapon Boutique.
   129 | D:1      | Reached skill level 3 in Axes
   288 | D:1      | Reached XP level 2. HP: 26/26 MP: 2/2
   572 | D:1      | Reached XP level 3. HP: 15/31 MP: 3/3
   802 | D:1      | Found Umaof's Antique Armour Emporium.
   931 | D:1      | Found Dipreleo's Assorted Antiques.
  1062 | D:1      | Found Hasarph's Antique Weapon Boutique.
  1565 | D:1      | Reached skill level 4 in Axes
  1618 | D:1      | Found Yjiyb's Antique Weapon Shoppe.
  2045 | D:2      | Found a faded altar of an unknown god.
  2456 | D:2      | Reached XP level 4. HP: 20/38 MP: 4/4
  3008 | D:2      | Noticed Robin
  3293 | D:2      | Killed Robin
  3859 | D:2      | Found Inato's Magic Scroll Shop.
  4202 | D:2      | Reached skill level 5 in Axes
  4202 | D:2      | Reached XP level 5. HP: 45/45 MP: 5/5
  4229 | D:2      | HP: 2/45 [frozen (1)]
  4230 | D:2      | Frozen to death by an endoplasm

Illustrated notes

Levels and vault maps discovered:
D:1:      lemuel_arrival_hallway, layout_loops_corners, serial_shops,
          nicolae_shop_behind_doors, shop, shop_fountains, shop, shop_fountains,
          grunt_decor_junction
D:2:      cheibrodos_fertilizer, layout_rooms, basic_altar, serial_shops,
          nicolae_lakefront_shop, ebering_ecumenical_altar_abandoned, uniq_robin

Skill      XL: |  1  2  3  4 |
---------------+-------------+-----
Axes           | 3 4 5 |  5.7
Fighting       | |  3.2
Spellcasting   | |  1.0
Fire Magic     | |  2.4

Action                   |  1- 3 |  4- 6 || total
-------------------------+-------+-------++-------
Melee: Hand axe          |   135 |   159 ||   294
       Punch             |       |     1 ||     1
Armor: Robe              |    21 |    29 ||    50
Dodge: Dodged            |    86 |    86 ||   172

Table legend: (Time is in decaauts)
 A = Elapsed time spent in this place.
 B = Non-inter-level travel time spent in this place.
 C = Inter-level travel time spent in this place.
 D = Time resting spent in this place.
 E = Time spent auto-exploring this place.
 F = Levels seen in this place.
 G = Mean time per level.
                   A        B        C        D        E       F      G
               +--------+--------+--------+--------+--------+-----+--------+
         Total |   4260 |   4246 |     14 |    962 |   2639 |   2 | 2130.0 |
       Dungeon |   4260 |   4246 |     14 |    962 |   2639 |   2 | 2130.0 |
               +--------+--------+--------+--------+--------+-----+--------+

Top non-repeatable levels by time:
     D:1: 2716 daAuts
     D:2: 1544 daAuts
